 Dungeon Sprint DCSS version 0.17-a0-1830-g81820eb (webtiles) character file.

15030 Kidiri the Tortoise (level 12, -1/126 HPs)
             Began as a Gargoyle Berserker on Sept 13, 2015.
             Was the Champion of Trog.
             Slain by a black mamba (4 damage)
             ... in the Dungeon (Sprint III: "The Ten Rune Challenge").
             The game lasted 00:21:18 (3071 turns).

Kidiri the Tortoise (Gargoyle Berserker)            Turns: 3071, Time: 00:21:18

Health: -1/126     AC: 29    Str: 28    XL:     12   Next: 22%
Magic:  4/4        EV: 10    Int:  7    God:    Trog [******]
Gold:   4707       SH:  0    Dex: 13    Spells: 0 memorised, 11 levels left

rFire  + . .     SeeInvis .     j - +6 morningstar (antimagic)
rCold  + . .     Clarity  .     c - +1 plate armour {rC+}
rNeg   + . .     SustAt   .     (no shield)
rPois  ∞         Gourm    .     (no helmet)
rElec  +         Spirit   .     e - +0 cloak
rCorr  .         Warding  .     (no gloves)
rMut   .         NoTele   +     (no boots)
MR     ++...                    (no amulet)
Stlth  ..........               (no ring)
                                (no ring)

@: berserking, regenerating, constricted, very quick, very resistant to hostile
enchantments, extremely unstealthy
A: fire resistance 1, negative energy resistance 1, screaming 1, electricity
resistance, unbreathing, petrification resistance, rot immunity, subdued magic
1, AC +8
a: Burn Spellbooks, Berserk, Trog's Hand, Brothers in Arms, Renounce Religion


You were in the Dungeon.
You worshipped Trog.
Trog was exalted by your worship.
You were hungry.

You visited 1 branch You collected 4707 gold pieces.

Inventory:

Hand weapons
 a - a +2 antimagic glaive
 j - a +6 antimagic morningstar (weapon)
Armour
 c - a +1 plate armour of cold resistance (worn)
 e - a +0 cloak (worn)
Scrolls
 i - a scroll of blinking
 n - 3 scrolls of remove curse
 q - a scroll of holy word {unknown}
Potions
 d - a potion of cure mutation
 f - a potion of haste
 g - 2 potions of magic
 h - a potion of berserk rage
 k - 4 potions of flight
 r - a potion of resistance
Comestibles
 b - 23 royal jellies
 o - 12 fruits
 u - 2 chunks of flesh


   Skills:
 + Level 13.6 Fighting
 * Level 17.0 Maces & Flails
   Level 2.4 Bows
 * Level 18.3 Armour
 + Level 10.8 Dodging


You had 11 spell levels left.
You didn't know any spells.

Dungeon Overview and Level Annotations

Branches:
Dungeon (1/1)

Altars:
Cheibriados
Dithmenos
Elyvilon
Fedhas
Gozag
Kikubaaqudgha
Makhleb
Nemelex Xobeh
Okawaru
Qazlal
Ru
Sif Muna
Trog
Vehumet
Xom
Yredelemnul
Zin
The Shining One
Jiyva
Lugonu

Shops:
D *


Innate Abilities, Weirdness & Mutations

You are resistant to torment.
Your stone body is resilient (AC +8).
You are immune to poison.
You resist negative energy.
You are resistant to electric shocks.
You can survive without breathing.
You are immune to petrification.
You are immune to rotting.
Your flesh is heat resistant.
You occasionally shout uncontrollably at your foes.
Your spells are a little easier to cast, but a little less powerful.


Message History

* * * LOW HITPOINT WARNING * * *
The black mamba bites you.
* * * LOW HITPOINT WARNING * * *
The black mamba bites you.
* * * LOW HITPOINT WARNING * * *
The anaconda bites you but does no damage.
The anaconda constricts you.
You skewer the anaconda like a kebab!!!
The anaconda is severely wounded.
The black mamba bites you but does no damage. x2
The anaconda bites you.
* * * LOW HITPOINT WARNING * * *
The anaconda constricts you.
Unknown command.
You miss the anaconda.
The anaconda is severely wounded.
The black mamba bites you!
* * * LOW HITPOINT WARNING * * *
The black mamba bites you.
You die...

♣..#÷##.[.#≈≈..§§..§.#
♣♣.##)##..#≈..+#######
♣♣.##.#####...#......#
♣.....##.%%...#♣♣♣[_.#
########'#############
#...........##
#............#
###########..#
##SS@........#
#.SSS.......##
#..##########
#.†....... ##........
#########


You could see an anaconda, 3 black mambas and a water moccasin.

Vanquished Creatures
  Dowan (D)
  Maud (D)
  Josephine (D)
  2 hydras (D)
  A spriggan druid (D)
  A lindwurm (D)
  A death drake (D)
  A black mamba (D)
  2 spiny frogs (D)
  A komodo dragon (D)
  A queen bee (D)
  3 wandering mushrooms (D)
  A deep elf priest (D)
  2 spriggans (D)
  A shadow (D)
  3 redbacks (D)
  A spatial vortex (D)
  2 water moccasins (D)
  A necrophage (D)
  An earth elemental (D)
  2 brain worms (D)
  A water elemental (D)
  32 killer bees (D)
  An electric eel (D)
  A jelly (D)
  Crazy Yiuf (D)
  A necromancer (D)
  A wizard (D)
  A kobold demonologist (D)
  2 humans (D)
  An ooze (D)
  3 rats (D)
75 creatures vanquished.

Vanquished Creatures (collateral kills)
  A centaur warrior (D)
  2 anacondas (D)
  An orc high priest (D)
  An unseen horror (D)
  An orc sorcerer (D)
  2 black mambas (D)
  Duvessa (D)
  A human (D)
  A water moccasin (D)
  2 orc warriors (D)
  2 centaurs (D)
  3 orc priests (D)
  11 orcs (D)
29 creatures vanquished.

Vanquished Creatures (others)
  2 draconian scorchers (D)
  A yaktaur (D)
3 creatures vanquished.

Grand Total: 107 creatures vanquished

Notes
Turn   | Place    | Note
--------------------------------------------------------------
     0 | D        | Kidiri the Gargoyle Berserker began the quest for the Orb.
     0 | D        | Reached XP level 1. HP: 14/14 MP: 1/1
    55 | D        | Acquired Trog's second power
    59 | D        | Reached XP level 2. HP: 14/19 MP: 2/2
   164 | D        | Killed a white draconian scorcher
   185 | D        | HP: 1/28 [human (3)]
   186 | D        | Reached skill level 4 in Fighting
   186 | D        | Reached XP level 3. HP: 1/24 MP: 3/3
   191 | D        | Killed a yaktaur
   198 | D        | Killed a white draconian scorcher
   451 | D        | Noticed Crazy Yiuf
   460 | D        | Killed Crazy Yiuf
   460 | D        | Reached skill level 5 in Maces & Flails
   460 | D        | Reached skill level 5 in Armour
   495 | D        | Gained mutation: You are frail (-10% HP). [potion of mutation]
   495 | D        | Gained mutation: Your flesh is heat resistant. [potion of mutation]
   495 | D        | Gained mutation: You tend to lose your temper in combat. [potion of mutation]
   496 | D        | Lost mutation: You are frail (-10% HP). [potion of cure mutation]
   496 | D        | Lost mutation: You tend to lose your temper in combat. [potion of cure mutation]
   497 | D        | Gained mutation: You occasionally shout uncontrollably at your foes. [potion of mutation]
   497 | D        | Gained mutation: Your spells are a little easier to cast, but a little less powerful. [potion of mutation]
   534 | D        | Noticed a water elemental
   548 | D        | Killed a water elemental
   548 | D        | Reached skill level 5 in Fighting
   548 | D        | Reached skill level 6 in Maces & Flails
   548 | D        | Reached XP level 4. HP: 14/31 MP: 4/4
   826 | D        | Found a radiant altar of Vehumet.
   827 | D        | Found a deep blue altar of Sif Muna.
   827 | D        | Found an ancient bone altar of Kikubaaqudgha.
   827 | D        | Noticed a wizard
   829 | D        | Killed a wizard
   829 | D        | Acquired Trog's third power
   829 | D        | Reached XP level 5. HP: 35/35 MP: 5/5
   838 | D        | Noticed a blue devil
   841 | D        | Reached skill level 7 in Armour
   859 | D        | Found a glowing silver altar of Zin.
   859 | D        | Found a glowing golden altar of the Shining One.
   859 | D        | Found a white marble altar of Elyvilon.
   860 | D        | Noticed a deep elf priest
   873 | D        | Killed a deep elf priest
   873 | D        | Reached skill level 8 in Maces & Flails
   873 | D        | Reached skill level 9 in Armour
   873 | D        | Reached XP level 6. HP: 28/42 MP: 6/6
  1027 | D        | Found an iron altar of Okawaru.
  1027 | D        | Found a bloodstained altar of Trog.
  1027 | D        | Noticed a human
  1027 | D        | Noticed a human
  1033 | D        | Killed a human
  1033 | D        | Reached skill level 5 in Dodging
  1033 | D        | Reached XP level 7. HP: 45/48 MP: 7/7
  1040 | D        | Killed a human
  1040 | D        | Reached skill level 10 in Armour
  1123 | D        | Found a basalt altar of Yredelemnul.
  1123 | D        | Found a snail-covered altar of Cheibriados.
  1123 | D        | Found a blossoming altar of Fedhas.
  1123 | D        | Noticed a necrophage
  1123 | D        | Noticed a necromancer
  1126 | D        | Killed a necromancer
  1135 | D        | Killed a necrophage
  1153 | D        | Noticed a jelly
  1155 | D        | Noticed a shadow
  1167 | D        | Killed a shadow
  1167 | D        | Reached skill level 10 in Maces & Flails
  1167 | D        | Reached XP level 8. HP: 54/54 MP: 8/8
  1169 | D        | Killed a jelly
  1169 | D        | Reached skill level 11 in Armour
  1230 | D        | Found a stormy altar of Qazlal.
  1231 | D        | Found a sacrificial altar of Ru.
  1231 | D        | Found a burning altar of Makhleb.
  1231 | D        | Found a viscous altar of Jiyva.
  1231 | D        | Found a shimmering altar of Xom.
  1231 | D        | Found a shadowy altar of Dithmenos.
  1231 | D        | Found a sparkling altar of Nemelex Xobeh.
  1231 | D        | Found a corrupted altar of Lugonu.
  1231 | D        | Found an opulent altar of Gozag.
  1231 | D        | Noticed a spatial vortex
  1244 | D        | Killed a spatial vortex
  1256 | D        | Noticed Josephine
  1283 | D        | Killed Josephine
  1283 | D        | Reached skill level 12 in Armour
  1283 | D        | Reached XP level 9. HP: 53/60 MP: 9/9
  1319 | D        | Noticed an earth elemental
  1336 | D        | Killed an earth elemental
  1393 | D        | Noticed a centaur
  1393 | D        | Noticed a centaur warrior
  1393 | D        | Noticed a centaur
  1396 | D        | Killed a centaur
  1397 | D        | Killed a centaur
  1401 | D        | Killed a centaur warrior
  1401 | D        | Reached skill level 13 in Armour
  1531 | D        | Killed an unseen horror
  1531 | D        | Reached skill level 10 in Fighting
  1728 | D        | Noticed an orc warrior
  1729 | D        | Noticed an orc sorcerer
  1732 | D        | Noticed an orc priest
  1735 | D        | Noticed an orc priest
  1735 | D        | Killed an orc sorcerer
  1738 | D        | Noticed an orc warrior
  1738 | D        | Noticed an orc high priest
  1739 | D        | Killed an orc warrior
  1741 | D        | Killed an orc priest
  1743 | D        | Noticed an orc priest
  1744 | D        | Killed an orc priest
  1745 | D        | Received a gift from Trog
  1750 | D        | Noticed an orange demon
  1753 | D        | Killed an orc priest
  1759 | D        | Killed an orc warrior
  1761 | D        | Noticed a hellwing
  1762 | D        | Killed an orc high priest
  1762 | D        | Reached skill level 14 in Armour
  1762 | D        | Reached XP level 10. HP: 56/68 MP: 10/10
  1763 | D        | Received a gift from Trog
  1770 | D        | Found Coiq's Assorted Antiques.
  2017 | D        | Noticed a killer bee
  2017 | D        | Noticed a killer bee
  2017 | D        | Noticed a killer bee
  2017 | D        | Noticed a killer bee
  2017 | D        | Noticed a killer bee
  2017 | D        | Noticed a killer bee
  2017 | D        | Noticed a killer bee
  2017 | D        | Noticed a killer bee
  2017 | D        | Noticed a killer bee
  2017 | D        | Noticed a killer bee
  2017 | D        | Noticed a killer bee
  2017 | D        | Noticed a killer bee
  2017 | D        | Noticed a killer bee
  2017 | D        | Noticed a killer bee
  2017 | D        | Noticed a killer bee
  2017 | D        | Noticed a killer bee
  2017 | D        | Noticed a killer bee
  2019 | D        | Noticed a killer bee
  2019 | D        | Noticed a killer bee
  2020 | D        | Noticed a killer bee
  2021 | D        | Noticed a killer bee
  2021 | D        | Noticed a queen bee
  2022 | D        | Noticed a killer bee
  2023 | D        | Noticed a killer bee
  2023 | D        | Noticed a killer bee
  2025 | D        | Noticed a killer bee
  2025 | D        | Noticed a killer bee
  2026 | D        | Noticed a killer bee
  2027 | D        | Noticed a killer bee
  2028 | D        | Killed a killer bee
  2030 | D        | Noticed a killer bee
  2034 | D        | Noticed a killer bee
  2035 | D        | Killed a killer bee
  2048 | D        | Noticed a killer bee
  2048 | D        | Killed a killer bee
  2060 | D        | Killed a killer bee
  2071 | D        | Noticed a killer bee
  2083 | D        | Killed a killer bee
  2083 | D        | Received a gift from Trog
  2083 | D        | Reached skill level 1 in Bows
  2091 | D        | Killed a killer bee
  2096 | D        | Killed a killer bee
  2102 | D        | Killed a killer bee
  2105 | D        | Killed a killer bee
  2111 | D        | Killed a killer bee
  2117 | D        | Killed a killer bee
  2136 | D        | Killed a killer bee
  2140 | D        | Killed a killer bee
  2140 | D        | Received a gift from Trog
  2152 | D        | Killed a killer bee
  2156 | D        | Killed a killer bee
  2163 | D        | Killed a killer bee
  2171 | D        | Killed a killer bee
  2178 | D        | Killed a killer bee
  2178 | D        | Received a gift from Trog
  2185 | D        | Killed a killer bee
  2187 | D        | Killed a killer bee
  2187 | D        | Received a gift from Trog
  2203 | D        | Killed a killer bee
  2206 | D        | Killed a killer bee
  2209 | D        | Killed a killer bee
  2211 | D        | Killed a killer bee
  2220 | D        | Killed a killer bee
  2227 | D        | Killed a killer bee
  2240 | D        | Killed a killer bee
  2240 | D        | Received a gift from Trog
  2243 | D        | Killed a killer bee
  2246 | D        | Killed a killer bee
  2252 | D        | Killed a killer bee
  2257 | D        | Killed a killer bee
  2257 | D        | Received a gift from Trog
  2265 | D        | Killed a killer bee
  2274 | D        | Killed a queen bee
  2274 | D        | Reached skill level 15 in Armour
  2364 | D        | Noticed Dowan
  2364 | D        | Noticed Duvessa
  2386 | D        | Killed Dowan
  2395 | D        | Killed Duvessa
  2395 | D        | Received a gift from Trog
  2395 | D        | Reached XP level 11. HP: 43/76 MP: 3/11
  2495 | D        | Noticed a wandering mushroom
  2499 | D        | Noticed a wandering mushroom
  2503 | D        | Noticed a wandering mushroom
  2508 | D        | Killed a wandering mushroom
  2515 | D        | Killed a wandering mushroom
  2524 | D        | Killed a wandering mushroom
  2524 | D        | Reached skill level 15 in Maces & Flails
  2524 | D        | Reached skill level 16 in Armour
  2543 | D        | Noticed a spiny frog
  2543 | D        | Noticed a komodo dragon
  2543 | D        | Noticed a spiny frog
  2552 | D        | Killed a komodo dragon
  2562 | D        | Killed a spiny frog
  2567 | D        | Killed a spiny frog
  2573 | D        | Noticed a redback
  2577 | D        | Killed a redback
  2580 | D        | Noticed a brain worm
  2583 | D        | Killed a brain worm
  2590 | D        | Noticed a brain worm
  2591 | D        | Killed a brain worm
  2596 | D        | Noticed a lindwurm
  2599 | D        | Noticed a redback
  2602 | D        | Killed a lindwurm
  2602 | D        | Received a gift from Trog
  2605 | D        | Killed a redback
  2629 | D        | Noticed a redback
  2631 | D        | Killed a redback
  2632 | D        | Noticed Maud
  2649 | D        | Killed Maud
  2649 | D        | Reached skill level 17 in Armour
  2649 | D        | Reached skill level 10 in Dodging
  2816 | D        | Noticed an electric eel
  2816 | D        | Noticed a seven-headed hydra
  2816 | D        | Noticed a seven-headed hydra
  2836 | D        | Killed a seven-headed hydra
  2839 | D        | Killed a seven-headed hydra
  2839 | D        | Received a gift from Trog
  2892 | D        | Killed an electric eel
  2927 | D        | Noticed a death drake
  2931 | D        | Killed a death drake
  2939 | D        | Found a blossoming altar of Fedhas.
  2939 | D        | Noticed a spriggan
  2939 | D        | Noticed a spriggan druid
  2939 | D        | Noticed a spriggan
  2947 | D        | Killed a spriggan druid
  2947 | D        | Received a gift from Trog
  2950 | D        | Killed a spriggan
  2954 | D        | Killed a spriggan
  2954 | D        | Reached XP level 12. HP: 71/84 MP: 4/12
  2987 | D        | Noticed a water moccasin
  2987 | D        | Noticed a black mamba
  2987 | D        | Noticed a water moccasin
  2999 | D        | Killed a black mamba
  2999 | D        | Received a gift from Trog
  3001 | D        | Killed a water moccasin
  3009 | D        | Killed a water moccasin
  3021 | D        | Noticed an anaconda
  3021 | D        | Noticed a black mamba
  3021 | D        | Noticed a water moccasin
  3026 | D        | Killed an anaconda
  3026 | D        | Reached skill level 18 in Armour
  3027 | D        | Killed a black mamba
  3030 | D        | Killed a water moccasin
  3034 | D        | Noticed an anaconda
  3039 | D        | Killed an anaconda
  3046 | D        | Noticed a black mamba
  3046 | D        | Noticed a black mamba
  3046 | D        | Noticed a black mamba
  3046 | D        | Noticed a water moccasin
  3046 | D        | Noticed a black mamba
  3047 | D        | Noticed an anaconda
  3049 | D        | Killed a black mamba
  3071 | D        | HP: 3/126 [black mamba (9)]
  3071 | D        | Slain by a black mamba

Vault maps used:
D:        dungeon_sprint_mu

Action                   |  1- 3 |  4- 6 |  7- 9 | 10-12 || total
-------------------------+-------+-------+-------+-------++-------
Melee: Mace              |    41 |    27 |    82 |   232 ||   382
       Morningstar       |       |       |       |   171 ||   171
Invok: Berserk           |     3 |     1 |     3 |     2 ||     9
       Trog's Hand       |     1 |     1 |     2 |     8 ||    12
       Burn Spellbooks   |       |     1 |       |       ||     1
       Brothers in Arms  |       |     1 |     4 |     2 ||     7
  Use: Potion            |     6 |       |       |       ||     6
       Scroll            |     2 |       |       |       ||     2
  Eat: Bread ration      |     1 |       |       |       ||     1
       Chunk             |       |       |     6 |     6 ||    12
       Fruit             |       |       |       |     2 ||     2
